 Dungeon Crawl Stone Soup version 0.19-a0-1216-g363869b (console) character file.

214 stickyfingers the Cudgeler (level 5, -7/41 HPs)
             Began as a Mummy Chaos Knight on Aug 23, 2016.
             Mangled by a queen ant (shapeshifter) (26 damage)
             ... on level 3 of the Dungeon.
             The game lasted 00:08:50 (2807 turns).

stickyfingers the Cudgeler (Mummy Chaos Knight)     Turns: 2807, Time: 00:08:50

Health: -7/41      AC:  7    Str: 15    XL:     5   Next: 59%
Magic:  5/5        EV: 11    Int: 16    God:    Xom [..*...]
Gold:   210        SH:  0    Dex: 13    Spells: 0 memorised, 4 levels left

rFire  x . .     SeeInvis .     a - +0 mace (chaos)
rCold  + . .     Gourm    .     b - +2 leather armour
rNeg   + + +     Faith    .     (no shield)
rPois  ∞         Spirit   .     (no helmet)
rElec  .         Dismiss  .     (no cloak)
rCorr  .         Reflect  .     f - +1 pair of gloves
MR     .....     Harm     .     (no boots)
Stlth  +......... Rnd*Tele +    (no amulet)
                                (no ring)
                                m - ring of teleportation (curse)

@: brilliant, very slightly contaminated, invisible
A: no food or potions, fire vulnerability, cold resistance 1, negative energy
resistance 3, torment resistance, unbreathing
a: Renounce Religion


You were on level 3 of the Dungeon.
You worshipped Xom.
You were a toy of Xom.
You were not hungry.

You visited 1 branch of the dungeon, and saw 3 of its levels.

You collected 210 gold pieces.

Inventory:

Hand Weapons
 a - a +0 mace of chaos (weapon)
Missiles
 c - 51 arrows
 d - 37 bolts
 i - 22 sling bullets
 j - 32 stones (quivered)
Armour
 b - a +2 leather armour (worn)
 f - a +1 pair of gloves (worn)
   (You found it on level 2 of the Dungeon)
Jewellery
 m - a cursed ring of teleportation (left hand)
   (You found it on level 3 of the Dungeon)
Scrolls
 e - a scroll of enchant weapon
 g - a scroll of remove curse
 h - a scroll of fog
 k - a scroll of magic mapping
 l - a scroll of teleportation


   Skills:
 - Level 3.0 Fighting
 + Level 5.3 Maces & Flails
 - Level 1.5 Armour
 - Level 0.7 Dodging


You had 4 spell levels left.
You didn't know any spells.

Dungeon Overview and Level Annotations

Branches:
Dungeon (3/15)

Altars:
Xom


Innate Abilities, Weirdness & Mutations

You do not eat or drink.
Your flesh is vulnerable to fire.
You are immune to poison.
Your flesh is cold resistant. (rC+)
You are immune to negative energy. (rN+++)
You are immune to unholy pain and torment.
You can survive without breathing.


Message History

Found a stone staircase leading up.
There is a stone staircase leading up here.
There is a stone staircase leading down here.
You see here a bread ration. "Take this token of my esteem."
Something appears at your feet!
You are now a toy of Xom.
You see here a pink potion {god gift}.
Unknown command.
Natasha, Servant of Life and Death comes into view.
Natasha hisses angrily.
Natasha barely misses you.
You sock Natasha! You freeze Natasha.
Natasha is severely wounded.
Natasha stares at you and mumbles some strange words.
You resist with some effort.
You hit Natasha but do no damage.
Natasha is severely wounded.
Natasha claws you.
You hit Natasha but do no damage.
Natasha is severely wounded.
Natasha mumbles some strange words.
You hit Natasha.
Natasha is moving more slowly.
Natasha is almost dead.
Natasha stares at you and mumbles some strange words.
The magic dart hits you!
The crimson imp hits you but does no damage.
You hit Natasha.
You kill Natasha!
You feel Natasha's spirit has finally been put to rest.
The crimson imp disappears in a puff of smoke!
Things that are here:
a metallic blue potion; the felid corpse of Natasha A goblin comes into view.
It is wielding a dagger.
The goblin shouts!
The goblin hits you with a dagger.
A giant newt comes into view.
You barely miss the goblin.
The giant newt hisses angrily.
The giant newt hisses menacingly.
The goblin misses you.
You hit the goblin.
You kill the goblin!
You closely miss the giant newt. The giant newt closely misses you.
You hit the giant newt.
You kill the giant newt!
No target in view!
No target in view!
Things that are here:
a dagger; a giant newt corpse; a goblin corpse Done exploring.
Done exploring.
Done exploring.
Done exploring.
Search for what [Enter for "ston", or ? for help]? mace Unknown command.
Unknown command.
Done exploring.
Done exploring.
Done exploring.
There is an escape hatch in the floor here.
You see here a club.
A death yak comes into view.
The death yak bellows!
Unknown command.
You see here a club.
There is an escape hatch in the floor here.
There is an escape hatch in the ceiling here.
Unknown command.
Unknown command.
Unknown command.
Unknown command.
Unknown command.
Xom almost notices you. Distant voices call out to you! Xom smiles on you.
You fade into invisibility!
You are very lightly contaminated with residual magic.
The death yak changes into a queen ant!
You hit the queen ant but do no damage. The queen ant misses you.
The queen ant closely misses you.
You hit the queen ant but do no damage. The queen ant misses you.
You hit the queen ant but do no damage.
The queen ant seems to slow down. "Go forth and cause havoc, mortal!"
You feel clever all of a sudden.
You hit the queen ant but do no damage. The queen ant stings you!
You hit the queen ant. You freeze the queen ant.
The queen ant is lightly wounded.
The queen ant stings you.
You hit the queen ant but do no damage.
The queen ant is lightly wounded.
You hit the queen ant but do no damage.
The queen ant is lightly wounded.
The queen ant stings you.
You hit the queen ant.
The queen ant shakes off its lethargy.
The queen ant goes berserk!
The queen ant is lightly wounded.
The queen ant stings you! The queen ant stings you!!
Ouch! That really hurt!
You die...
Xom cackles wildly!

#.##........................#
##.##........###############.####
......###.##.# #########<.......
##.#### #.##.# #...Y...........>
#.######.##.# #.#######.##.##.#
#...........# #.# #.##.##.#
#..#####.##.# ##.#######.##.##.#
#..# #.##.# #.............##.#
#..#####.##.# #..#######.##.##..
#........##.# #.a# #.##.####
##.########.###@.#######.##.#
#.#..................##.##.#
#.#.######.###..####.##.##.####
###.#.# #.# #..# #.##........
....).# #.# #.!# #.#####.####
###.#.# #.# #..# #.# #.#
#.#.######.# #..# #.# #.#
#.......##.# #..# #.# #.#
###......!.###..# #.# #.#
#.###!##......####.## #.# ###
#.....######........# #.#


You could see a queen ant shaped shifter (berserk).

Vanquished Creatures
  A crimson imp (D:3)
  Natasha (thrice) (D:3)
  3 adders (D:2 D:3)
  3 worms (D:2 D:3)
  4 dart slugs (D:1 D:3)
  3 giant geckos (D:1 D:2 D:3)
  An orc (D:3)
  9 bats (D:1 D:2 D:3)
  3 giant cockroaches (D:1 D:2)
  7 goblins (D:1 D:2 D:3)
  7 hobgoblins (D:1 D:2 D:3)
  2 jackals (D:2)
  5 kobolds (D:1 D:2 D:3)
  2 quokkas (D:2 D:3)
  2 ball pythons (D:2)
  2 giant newts (D:2 D:3)
  10 rats (D:1 D:2 D:3)
67 creatures vanquished.

Notes
Turn   | Place    | Note
-------+----------+-------------------------------------------
     0 | D:1      | stickyfingers the Mummy Chaos Knight began the quest for the Orb.
     0 | D:1      | Reached XP level 1. HP: 18/18 MP: 1/1
   138 | D:1      | Reached XP level 2. HP: 23/24 MP: 2/2
   197 | D:1      | Reached skill level 3 in Maces & Flails
   302 | D:1      | XOM: silly message
   371 | D:1      | XOM: medium Tmut miscast
   550 | D:1      | XOM: 3-stop teleportation journey
   685 | D:1      | XOM: 6-stop teleportation journey
   772 | D:1      | Reached XP level 3. HP: 29/29 MP: 3/3
   855 | D:1      | XOM: scenery: create altars
   919 | D:1      | XOM: cloud trail
  1042 | D:2      | XOM: cast spell 'Summon Small Mammal'
  1343 | D:2      | Reached skill level 4 in Maces & Flails
  1553 | D:2      | Reached XP level 4. HP: 35/35 MP: 4/4
  1726 | D:3      | XOM: enchant monster (good)
  2247 | D:3      | Noticed Natasha
  2254 | D:3      | Killed Natasha
  2388 | D:3      | XOM: summons friendly quasit
  2396 | D:3      | Reached XP level 5. HP: 34/41 MP: 5/5
  2398 | D:3      | Noticed Natasha
  2400 | D:3      | Killed Natasha
  2400 | D:3      | Reached skill level 5 in Maces & Flails
  2712 | D:3      | XOM: god gift: pink potion {god gift}
  2713 | D:3      | Noticed Natasha
  2718 | D:3      | Killed Natasha
  2770 | D:3      | Noticed a death yak
  2786 | D:3      | XOM: harmless Summ miscast
  2795 | D:3      | XOM: potion effect (invisibility)
  2796 | D:3      | Noticed a queen ant
  2796 | D:3      | a death yak changed into a queen ant
  2802 | D:3      | XOM: potion effect (brilliance)
  2807 | D:3      | Mangled by a queen ant (shapeshifter)

Vault maps used:
D:1:      lightli_arrival_noodles, minmay_small_reverse_x
D:2:      first_bread, kennysheep_generic_room_5
D:3:      uniq_natasha

Skill      XL: |  1  2  3  4  5 |
---------------+----------------+-----
Maces & Flails | 3 4 5 |  5.3
Fighting       | |  3.0
Armour         | |  1.5
Dodging        | |  0.7

Action                   |  1- 3 |  4- 6 || total
-------------------------+-------+-------++-------
Melee: Mace              |   125 |   100 ||   225
Throw: Stone             |       |    13 ||    13
  Use: Scroll            |     5 |     2 ||     7
 Stab: Petrified         |     5 |       ||     5
       Paralysed         |     1 |       ||     1
Armor: Leather armour    |    52 |    31 ||    83
Dodge: Dodged            |    99 |    60 ||   159
